 Dungeon Crawl Stone Soup version 0.30-a0-702-gdf48620a09 (webtiles) character file.

Game seed: 9009223506100612510

578 Dartaoz the Skirmisher (level 7, 0/48 (56) HPs)
             Began as a Minotaur Hunter on Jan 21, 2023.
             Was an Initiate of Hepliaklqana.
             Slain by a gnoll bouda
             ... wielding a +0 whip of draining
              (1 damage)
             ... on level 4 of the Dungeon.
             The game lasted 00:07:50 (3178 turns).

Dartaoz the Skirmisher (Minotaur Hunter)            Turns: 3178, Time: 00:07:50

HP:   0/48 (56)     AC:  4    Str: 21    XL:     7   Next: 13%
MP:   6/6           EV: 12    Int:  6    God:    Hepliaklqana [......]
Gold: 204           SH:  0    Dex: 16    Spells: 6/6 levels left

rFire   . . .      SeeInvis .    a - +0 shortbow
rCold   . . .      Faith    .    (shield currently unavailable)
rNeg    . . .      Spirit   .    c - +0 leather armour
rPois   .          Reflect  .    (helmet restricted)
rElec   .          Harm     .    e - +0 cloak
rCorr   .          Rampage  .    (no gloves)
Will    .....                    (no boots)
Stlth   +                        (no amulet)
HPRegen 0.28/turn                g - +6 ring of strength
MPRegen 0.10/turn                (no ring)

@: flying, heavily drained
A: horns 2, retaliatory headbutt
a: Renounce Religion


You were on level 4 of the Dungeon.
You worshipped Hepliaklqana.
Hepliaklqana was noncommittal.
You visited 2 branches of the dungeon, and saw 5 of its levels.

You collected 204 gold pieces.

Inventory:

Hand Weapons
 a - a +0 shortbow (weapon)
Armour
 c - a +0 leather armour (worn)
 e - a +0 cloak (worn)
 s - a +0 scale mail
Jewellery
 g - a +6 ring of strength (left hand)
Wands
 q - a wand of paralysis (10)
 u - a wand of mindburst (19)
Scrolls
 b - a scroll of immolation
 d - a scroll of teleportation {unknown}
 i - 6 scrolls of identify {unknown}
 k - a scroll of fog
 n - a scroll of enchant weapon {unknown}
 p - 2 scrolls of poison {unknown}
 r - a scroll of vulnerability {unknown}
 t - 2 scrolls of silence {unknown}
Potions
 f - 2 potions of flight
 h - a potion of might {unknown}
 j - a potion of mutation {unknown}
 l - a potion of heal wounds {unknown}
 m - a potion of berserk rage {unknown}
 o - a potion of invisibility {unknown}


   Skills:
 + Level 2.8 Fighting
 + Level 9.2 Ranged Weapons
 + Level 1.1 Armour
 + Level 2.5 Dodging
 - Level 0.7 Stealth


You had 6 spell levels left.
You didn't know any spells.
Your spell library contained the following spells:

 Spells                   Type           Power      Damage    Failure   Level
 Sandblast                Erth           0%         2d4       50%         1
 Passwall                 Tmut/Erth      0%         N/A       65%         2
 Stone Arrow              Conj/Erth      0%         3d7       86%         3
 Blade Hands              Tmut           0%         N/A       100%        5
 Irradiate                Conj/Tmut      0%         3d11      100%        5
 Dragon Form              Tmut           0%         N/A       100%        7


Dungeon Overview and Level Annotations

Branches:
Dungeon (4/15)             Temple (1/1) D:4

Altars:
Ashenzari
Cheibriados
Elyvilon
Fedhas
Hepliaklqana
Kikubaaqudgha
Makhleb
Nemelex Xobeh
Okawaru
Ru
Sif Muna
Trog
Uskayaw
Vehumet
Wu Jian
Xom
Yredelemnul
Zin
The Shining One

Shops:
D:2 [

Annotations:
D:3 1 runed translucent door, Dartaoz's ghost, amateur TrGl


Innate Abilities, Weirdness & Mutations

You have a pair of horns on your head.
You reflexively headbutt those who attack you in melee.


Message History

You shoot an arrow. The arrow hits the gnoll bouda.
The gnoll bouda is almost dead.
The gnoll closely misses you. You furiously retaliate!
You headbutt the gnoll. The gnoll closely misses you.
The gnoll hits you from afar with a +0 spear.
The gnoll bouda completely misses you.
You shoot an arrow. The arrow hits the gnoll bouda.
The gnoll bouda is almost dead.
The gnoll hits you with a +0 flail!
The gnoll hits you with a +2 whip of pain!
You writhe in agony.
The gnoll barely misses you.
The gnoll bouda hits you with a +0 whip of draining.
* * * LOW HITPOINT WARNING * * *
You feel drained.
You are too injured to fight recklessly!
It was a potion of flight.
You feel very buoyant.
You fly up into the air.
The gnoll hits you with a +0 flail.
* * * LOW HITPOINT WARNING * * *
The gnoll misses you. You furiously retaliate!
You headbutt the gnoll, but do no damage.
The gnoll hits you from afar with a +0 spear.
* * * LOW HITPOINT WARNING * * *
The gnoll bouda closely misses you.
Okay, then.
As you read the scroll labelled XUXZY VUJAJAU, it crumbles to dust.
The scroll dissolves into smoke.
It was a scroll of fog.
The gnoll barely misses you.
The gnoll hits you with a +2 whip of pain.
* * * LOW HITPOINT WARNING * * *
The gnoll hits you from afar with a +0 spear.
* * * LOW HITPOINT WARNING * * *
The gnoll bouda hits you with a +0 whip of draining.
* * * LOW HITPOINT WARNING * * *
You feel drained.
The gnoll bouda attacks as you move away!
The gnoll bouda hits you with a +0 whip of draining.
* * * LOW HITPOINT WARNING * * *
You feel drained.
You die...

#####...#######
#........[....#
##.###...#####.######
#... #...### #.......
...)...... #....#..
..##...## ##.##.##
#.§§§§.## #.##.## #
#§§### #.##)## #@g#
#...).# #gg# ####..#
#g§# # #..#
#.###..#####.## #).#
#.............# #..#
#####.........# #..#
#.....###...#####..#
#####.#.#.####.#........
#..............#.###....


You could see a gnoll bouda and 3 gnolls.

Vanquished Creatures
  5 scorpions (D:4)
  An orc priest (D:4)
  An iguana (D:4)
  An orc wizard (D:3)
  2 gnolls (D:4)
  10 adders
  A worm (D:2)
  2 dart slugs (D:2)
  11 orcs
  8 bats
  6 endoplasms
  2 giant cockroaches
  3 goblins
  13 hobgoblins
  6 jackals
  4 quokkas
  12 ball pythons
  5 frilled lizards
  4 kobolds
  3 rats
100 creatures vanquished.

Vanquished Creatures (others)
  3 fungi (D:4)
  3 plants (D:4)
6 creatures vanquished.

Grand Total: 106 creatures vanquished

Notes
Turn   | Place    | Note
-------+----------+-------------------------------------------
     0 | D:1      | Dartaoz the Minotaur Hunter began the quest for the Orb.
     0 | D:1      | Reached XP level 1. HP: 18/18 MP: 0/0
   272 | D:1      | Reached XP level 2. HP: 25/25 MP: 1/1
   294 | D:1      | Reached skill level 5 in Ranged Weapons
   516 | D:2      | Found Usiehuf's Antique Armour Emporium.
   712 | D:2      | Reached XP level 3. HP: 23/30 MP: 2/2
   876 | D:2      | Reached skill level 6 in Ranged Weapons
  1028 | D:2      | Reached XP level 4. HP: 37/37 MP: 3/3
  1550 | D:3      | Reached skill level 7 in Ranged Weapons
  1550 | D:3      | Reached XP level 5. HP: 42/42 MP: 4/4
  1656 | D:3      | Found a runed translucent door.
  1660 | D:3      | Noticed Dartaoz's ghost (amateur TrGl)
  2210 | D:4      | Found a staircase to the Ecumenical Temple.
  2217 | Temple   | Entered the Ecumenical Temple
  2506 | Temple   | Became a worshipper of Hepliaklqana the Forgotten
  2539 | D:4      | Reached skill level 8 in Ranged Weapons
  2539 | D:4      | Reached XP level 6. HP: 37/50 MP: 5/5
  2684 | D:4      | Reached skill level 9 in Ranged Weapons
  2992 | D:4      | Reached XP level 7. HP: 56/56 MP: 6/6
  3000 | D:4      | Reached skill level 1 in Armour
  3178 | D:4      | HP: 1/50 [gnoll bouda/+0 whip of draining (2)]
  3178 | D:4      | Slain by a gnoll bouda

Illustrated notes

Levels and vault maps discovered:
D:1:      erik_arrival_orb_chamber, layout_basic, nrook_mini_backslash,
          st_stairs_12
D:2:      layout_basic, serial_shops, nicolae_shop_behind_doors
D:3:      layout_rooms, ebering_ghost_reflecting_pool
D:4:      old_forge, layout_loops_ring, lemuel_doored_altar,
          minmay_temple_entry_hall
Temple:   compressed_dpeg_triangle_lava_temple

Skill      XL: |  1  2  3  4  5  6  7 |
---------------+----------------------+-----
Ranged Weapons | 5 6 7 8 9 |  9.2
Armour         | 1 |  1.1
Fighting       | |  2.8
Dodging        | |  2.5
Stealth        | |  0.7

Action                   |  1- 3 |  4- 6 |  7- 9 || total
-------------------------+-------+-------+-------++-------
 Fire: Shortbow          |    79 |   144 |    34 ||   257
  Use: Scroll            |       |       |     1 ||     1
       Potion            |       |       |     1 ||     1
Armor: Leather armour    |     9 |    20 |     2 ||    31
Dodge: Dodged            |    25 |    54 |    18 ||    97

Table legend: (Time is in decaauts)
 A = Elapsed time spent in this place.
 B = Non-inter-level travel time spent in this place.
 C = Inter-level travel time spent in this place.
 D = Time resting spent in this place.
 E = Time spent auto-exploring this place.
 F = Levels seen in this place.
 G = Mean time per level.
                   A        B        C        D        E       F      G
               +--------+--------+--------+--------+--------+-----+--------+
         Total |   3221 |   3131 |     90 |     99 |   2516 |   5 |  644.2 |
       Dungeon |   2916 |   2857 |     59 |     99 |   2258 |   4 |  729.0 |
        Temple |    304 |    273 |     31 |      0 |    258 |   1 |  304.0 |
               +--------+--------+--------+--------+--------+-----+--------+

Top non-repeatable levels by time:
     D:2: 1024 daAuts
     D:4: 936 daAuts
     D:3: 484 daAuts
     D:1: 470 daAuts
  Temple: 304 daAuts
